 Dungeon Crawl Stone Soup version 0.28-a0-883-gc8d7bad45d (webtiles) character file.

Game seed: 17469472855441973072

99 zeram the Caller (level 4, -9/36 (39) HPs)
             Began as a Troll Summoner on Nov 22, 2021.
             Mangled by Crazy Yiuf (13 damage)
             ... on level 2 of the Dungeon.
             The game lasted 00:05:08 (1776 turns).

zeram the Caller (Troll Summoner)                   Turns: 1776, Time: 00:05:08

HP:   -9/36 (39)    AC:  4    Str: 16    XL:     4   Next: 45%
MP:   3/4           EV: 10    Int: 12    God:
Gold: 14            SH:  0    Dex: 10    Spells: 2/5 levels left

rFire   . . .      SeeInvis .   f - +1 dagger (flame)
rCold   . . .      Faith    .   (no shield)
rNeg    . . .      Spirit   .   a - +0 robe
rPois   .          Reflect  .   (helmet restricted)
rElec   .          Harm     .   (no cloak)
rCorr   .          Rampage  .   (gloves unavailable)
Will    .....                   (boots unavailable)
Stlth   +.........              (no amulet)
HPRegen 1.12/turn               (no ring)
MPRegen 0.09/turn               (no ring)

@: drained
A: large, unfitting armour, claws 3, regeneration 1, shaggy fur 1, tough skin 1
a: no special abilities


You were on level 2 of the Dungeon.
You visited 1 branch of the dungeon, and saw 3 of its levels.

You collected 14 gold pieces.

Inventory:

Hand Weapons
 f - a +1 dagger of flaming (weapon)
Armour
 a - a +0 robe (worn)
Jewellery
 b - a ring of fire
Scrolls
 e - a scroll of identify
 g - a scroll of amnesia {unknown}
 h - a scroll of enchant armour
 i - a scroll of teleportation {unknown}
Potions
 d - a potion of brilliance


   Skills:
 - Level 0.1 Short Blades
 + Level 2.8 Dodging
 - Level 1.0 Stealth
 - Level 1.2 Spellcasting
 + Level 3.8 Summonings


You had 2 spell levels left.
You knew the following spells:

 Your Spells              Type           Power      Damage    Failure   Level
a - Summon Small Mammal   Summ           40%        N/A       6%          1
b - Call Imp              Summ           10%        N/A       9%          2

Your spell library contained the following spells:

 Spells                   Type           Power      Damage    Failure   Level
 Call Canine Familiar     Summ           10%        N/A       19%         3
 Summon Guardian Golem    Hex/Summ       5%         N/A       36%         3
 Summon Lightning Spire   Summ/Air       5%         N/A       78%         4


Dungeon Overview and Level Annotations

Branches:
Dungeon (3/15)

Altars:

Annotations:
D:2 Crazy Yiuf, Grinder


Innate Abilities, Weirdness & Mutations

You are too large for most types of armour.
You have claws for hands.
Your natural rate of healing is unusually fast.
You are covered in fur. (AC +1)
You have tough skin. (AC +1)


Message History

A beastly little devil appears in a puff of frigid air.
Crazy Yiuf closely misses you.
You hit Crazy Yiuf. You burn Crazy Yiuf.
Crazy Yiuf is moderately wounded.
Crazy Yiuf hits you with a +2 quarterstaff of chaos!
Your white imp hits Crazy Yiuf but does no damage.
You closely miss Crazy Yiuf.
Crazy Yiuf is moderately wounded.
Crazy Yiuf says, "Rot!"
Crazy Yiuf hits you with a +2 quarterstaff of chaos!
You feel drained.
Your white imp hits Crazy Yiuf but does no damage.
You barely miss Crazy Yiuf.
Crazy Yiuf is moderately wounded.
Crazy Yiuf hits you with a +2 quarterstaff of chaos!
* * * LOW HITPOINT WARNING * * *
You feel drained.
* * * LOW HITPOINT WARNING * * *
Your white imp hits Crazy Yiuf but does no damage.
You hit Crazy Yiuf but do no damage.
Crazy Yiuf is moderately wounded.
Crazy Yiuf hits you with a +2 quarterstaff of chaos.
* * * LOW HITPOINT WARNING * * *
Crazy Yiuf burns you.
* * * LOW HITPOINT WARNING * * *
Your white imp closely misses Crazy Yiuf.
Crazy Yiuf sings, "Trees, trees, trees, circus!"
Your white imp gestures at Crazy Yiuf.
The puff of frost hits Crazy Yiuf!
Your white imp barely misses Crazy Yiuf.
Crazy Yiuf hits your white imp with a +2 quarterstaff of chaos.
Your white imp hits Crazy Yiuf but does no damage.
Crazy Yiuf hits your white imp with a +2 quarterstaff of chaos!
Your white imp dies!
Your white imp disappears in a puff of smoke!
There is a stone staircase leading up, spattered with blood here.
Crazy Yiuf hits you with a +2 quarterstaff of chaos!
* * * LOW HITPOINT WARNING * * *
You are electrocuted!
You die...

##.### #....#####..#........####.
...#####..[.##..>...........# #..
...##..........###..........###..
..#...##....##...........##......
....###.....#####...<....##..###.
...###......# #........##...###
..## #..##### #...........#....
..####.## ####g.......######..
..##...# #..@....##### #)†
####...# #..>...## ###.. #..###
#......# #.... #.## ########
#.... ### #.... #.... #####


You could see Crazy Yiuf.

Vanquished Creatures
  An adder (D:2)
  2 worms (D:2)
  3 dart slugs
  An orc (D:3)
  2 bats
  2 endoplasms
  8 hobgoblins
  3 ball pythons
  5 frilled lizards
  5 goblins
  4 kobolds
  4 rats
40 creatures vanquished.

Vanquished Creatures (collateral kills)
  Terence (D:1)
  An adder (D:2)
  2 rats (D:2)
4 creatures vanquished.

Grand Total: 44 creatures vanquished

Notes
Turn   | Place    | Note
-------+----------+-------------------------------------------
     0 | D:1      | zeram the Troll Summoner began the quest for the Orb.
     0 | D:1      | Reached XP level 1. HP: 16/16 MP: 1/1
   201 | D:1      | Reached XP level 2. HP: 24/24 MP: 2/2
   693 | D:1      | Learned a level 2 spell: Call Imp
   726 | D:2      | Reached skill level 3 in Summonings
   859 | D:2      | Reached XP level 3. HP: 31/31 MP: 3/3
  1083 | D:2      | Noticed Terence
  1111 | D:2      | HP: 1/31 [Terence (3)]
  1125 | D:1      | HP: 1/31 [Terence (10)]
  1126 | D:1      | Killed Terence
  1127 | D:1      | Reached XP level 4. HP: 3/39 MP: 2/4
  1291 | D:2      | Found a runed translucent door.
  1292 | D:2      | Noticed Crazy Yiuf
  1612 | D:3      | Noticed Grinder
  1618 | D:3      | Paralysed by Grinder for 7 turns
  1635 | D:3      | Paralysed by Grinder for 3 turns
  1763 | D:2      | HP: 1/36 [Crazy Yiuf (1)]
  1776 | D:2      | Mangled by Crazy Yiuf

Illustrated notes

Levels and vault maps discovered:
D:1:      nicolae_arrival_somewhat_less_tricky_arrival, layout_basic
D:2:      layout_rooms, uniq_terence, uniq_crazy_yiuf_cottage
D:3:      layout_basic, nzn_wu_jian_contemplation, uniq_grinder

Skill      XL: |  1  2 |
---------------+-------+-----
Dodging        | 2 |  2.8
Summonings     | 3 |  3.8
Short Blades   | |  0.1
Stealth        | |  1.0
Spellcasting   | |  1.2

Action                   |  1- 3 |  4- 6 || total
-------------------------+-------+-------++-------
Melee: Unarmed           |    24 |       ||    24
       Dagger            |    99 |    58 ||   157
 Cast: Call Imp          |     6 |     7 ||    13
       Summon Small Mamm |       |     1 ||     1
  Use: Potion            |     2 |     1 ||     3
       Scroll            |       |     1 ||     1
 Stab: Sleeping          |     2 |       ||     2
Armor: Robe              |    35 |    22 ||    57
Dodge: Dodged            |    72 |    36 ||   108

Table legend: (Time is in decaauts)
 A = Elapsed time spent in this place.
 B = Non-inter-level travel time spent in this place.
 C = Inter-level travel time spent in this place.
 D = Time resting spent in this place.
 E = Time spent auto-exploring this place.
 F = Levels seen in this place.
 G = Mean time per level.
                   A        B        C        D        E       F      G
               +--------+--------+--------+--------+--------+-----+--------+
         Total |   1778 |   1691 |     87 |    131 |   1087 |   3 |  592.7 |
       Dungeon |   1778 |   1691 |     87 |    131 |   1087 |   3 |  592.7 |
               +--------+--------+--------+--------+--------+-----+--------+

Top non-repeatable levels by time:
     D:1: 895 daAuts
     D:2: 707 daAuts
     D:3: 175 daAuts
